Map: Frost LE

Players

HeroMarine - Winner!

  • Race: Terran Terran

Major (SpeCial)

  • Race: Terran Terran

Event: 2016 WCS Summer Circuit Championship (DH Montreal)

VOD

Have the link to the VOD?

Description

Time

  • Played on: Aug. 13, 2016, 5:36 p.m.
  • Length: 10:38

All games in this series

Show
View Real Time Build Order
Export as new Build Order

HeroMarine Terran - Winner!

Build Orders: Reaper Expand, Bio Tank 

Get SALT Encoding   

  12  0:00  SCV  
  13  0:12  SCV  
  14  0:17  Supply Depot  
  14  0:25  SCV  
  14  0:27  Refinery  
  15  0:38  SCV  
  16  0:44  Barracks  
  16  0:50  SCV  
  17  1:03  SCV  
  18  1:15  SCV  
  19  1:31  Reaper, Orbital Command  
  20  1:44  Command Center  
  20  1:54  Factory  
  20  1:57  SCV  
  21  2:04  Barracks Reactor  
  21  2:06  Supply Depot  
  21  2:10  SCV  
  21  2:14  Refinery  
  22  2:22  SCV  
  23  2:34  SCV  
  24  2:38  Hellion  
  24  2:40  Starport  
  24  2:41  Marine x2  
  28  2:46  SCV  
  29  2:55  Orbital Command  
  29  2:58  SCV  
  29  2:59  Factory Tech Lab  
  29  3:02  Marine  
  29  3:04  Marine  
  32  3:10  SCV  
  33  3:18  Cyclone  
  37  3:21  Marine  
  37  3:23  SCV  
  37  3:24  Marine, SCV  
  41  3:30  Supply Depot  
  41  3:38  Medivac, SCV  
  41  3:39  SCV  
  41  3:41  Marine  
  46  3:48  Barracks  
  46  3:51  Supply Depot, Marine  
  47  3:56  SCV  
  47  3:57  SCV  
  49  4:10  Siege Tank  
  49  4:11  Marine x2  
  49  4:12  SCV x2  
  49  4:13  Refinery  
  54  4:18  Supply Depot  
  54  4:20  Viking  
  56  4:24  SCV x2  
  56  4:29  Marine  
  56  4:30  Marine  
  59  4:36  SCV  
  59  4:37  SCV  
  53  4:47  Marine  
  53  4:49  SCV x2  
  55  4:53  Marine  
  55  4:54  Barracks Tech Lab  
  55  4:58  Siege Tank  
  59  5:01  SCV x2  
  59  5:06  Viking  
  63  5:08  Marine  
  63  5:13  SCV x2  
  66  5:15  Marine  
  67  5:22  Marine  
  67  5:25  SCV x2  
  62  5:30  Marine  
  62  5:33  Marine  
  54  5:37  SCV x2  
  54  5:38  Stimpack  
  54  5:40  Marine  
  54  5:42  Engineering Bay  
  57  5:43  Starport Reactor  
  57  5:44  Siege Tank  
  57  5:45  Barracks  
  57  5:48  Marine  
  57  5:49  SCV x2  
  63  5:54  Barracks  
  63  5:56  Barracks  
  63  5:58  Supply Depot  
  63  6:01  Supply Depot, Refinery  
  63  6:02  Marine  
  64  6:04  Marine  
  64  6:09  Terran Infantry Weapons Level 1  
  64  6:10  Marine  
  69  6:19  Medivac  
  69  6:20  Medivac  
  69  6:24  Marine x2  
  72  6:27  Siege Tank  
  72  6:28  Marine  
  76  6:32  Barracks Reactor  
  76  6:35  Supply Depot  
  76  6:41  Marine  
  76  6:42  Barracks Reactor, Marine  
  76  6:43  Barracks Reactor  
  76  6:46  Marine  
  79  6:50  SCV x2  
  80  6:59  Medivac, Marine x2  
  80  7:01  Medivac  
  86  7:05  Supply Depot x2  
  86  7:06  Supply Depot  
  86  7:14  Marine x3  
  89  7:16  Siege Tank  
  89  7:17  Marine x2  
  89  7:19  Supply Depot  
  94  7:26  Marine x4  
  98  7:32  Marine x3  
  98  7:35  Medivac x2  
  105  7:39  Combat Shields  
  105  7:50  Marine  
  106  7:52  Marine  
  107  7:59  Marine x3  
  107  8:00  Marine x3, Siege Tank  
  107  8:02  Marine  
  117  8:08  Marine  
  118  8:13  Marine  
  118  8:15  Medivac  
  118  8:16  Marine  
  118  8:22  Terran Infantry Armor Level 1  
  118  8:24  Supply Depot  
  118  8:25  Supply Depot  
  118  8:31  Marine  
  118  8:33  Marine  
  114  8:35  Marine  
  114  8:39  Marine x2  
  114  8:40  Marine x2  
  108  8:42  Marine x2  
  99  8:49  Marine  
  99  8:51  Marine  
  99  8:52  Siege Tank  
  99  8:53  Marine  
  101  8:57  Marine x3  
  101  8:58  Marine  
  101  8:59  Marine  
  101  9:00  Marine  
  103  9:07  Marine  
  103  9:09  Marine  
  92  9:11  Marine, Medivac  
  92  9:12  Medivac  
  92  9:14  Marine  
  92  9:15  Marine x3  
  101  9:17  Marine x2  
  96  9:25  Marine  
  96  9:27  Marine  
  96  9:28  Marine  
  99  9:32  Marine x2  
  99  9:33  Marine x2  
  99  9:35  Marine x2  
  93  9:42  Marine  
  93  9:44  Marine  
  91  9:46  Medivac x2, Marine  
  91  9:50  Marine x2  
  91  9:51  Marine x2  
  100  9:53  Siege Tank  
  100  9:55  Marine  
  100  9:57  Marine  
  105  10:01  Marine  
  105  10:02  Marine  
  105  10:04  Marine  
  108  10:08  Marine  
  108  10:09  Marine x2  
  108  10:11  Marine  
  108  10:13  Marine  
  105  10:14  Marine  
  105  10:18  Marine  
Show
View Real Time Build Order
Export as new Build Order

Major Terran 

Build Orders: Hellion Opening, Reaper Expand, Bio Tank 

Get SALT Encoding   

  12  0:01  SCV  
  13  0:13  SCV  
  14  0:18  Supply Depot  
  14  0:25  SCV  
  15  0:29  Refinery  
  15  0:39  SCV  
  16  0:46  Barracks  
  16  0:52  SCV  
  17  1:04  SCV  
  18  1:16  SCV  
  19  1:33  Reaper, Orbital Command  
  20  1:46  Command Center  
  20  1:58  Factory  
  20  2:01  SCV  
  21  2:08  Barracks Reactor  
  21  2:13  Supply Depot  
  21  2:15  SCV  
  22  2:27  SCV  
  23  2:39  SCV  
  23  2:42  Refinery  
  24  2:45  Starport  
  24  2:49  Hellion x2  
  24  2:51  SCV  
  29  2:54  Barracks Tech Lab  
  29  3:01  Orbital Command  
  29  3:04  SCV  
  31  3:12  Hellion  
  31  3:18  Hellion  
  31  3:19  SCV  
  34  3:26  Viking  
  36  3:30  SCV  
  36  3:32  SCV  
  38  3:41  Hellion x2  
  42  3:44  Supply Depot  
  42  3:46  SCV  
  43  3:49  SCV  
  44  3:59  SCV  
  44  4:01  SCV  
  45  4:11  SCV  
  45  4:12  Medivac  
  45  4:13  SCV  
  45  4:16  Supply Depot  
  49  4:23  Marine, Siege Tank, SCV  
  54  4:34  Marine, SCV  
  52  4:41  Marine  
  47  4:47  SCV  
  47  4:50  Viking  
  47  4:52  Marine  
  46  4:55  Siege Tank  
  46  4:56  Bunker, SCV  
  46  4:59  Command Center, Marine, SCV  
  50  5:08  SCV  
  50  5:10  Marine  
  50  5:11  Supply Depot, SCV  
  53  5:17  Marine  
  53  5:20  SCV  
  55  5:23  SCV  
  55  5:27  Siege Tank  
  55  5:28  Marine  
  55  5:34  Viking, Marine  
  57  5:39  SCV x2  
  59  5:44  Refinery  
  59  5:45  Marine, Refinery  
  60  5:51  SCV x2  
  60  5:53  Supply Depot  
  62  6:02  Engineering Bay x2  
  62  6:03  SCV x2  
  64  6:06  Siege Tank  
  64  6:10  Barracks Tech Lab, Orbital Command  
  67  6:12  Viking  
  67  6:13  Viking  
  67  6:15  SCV x2  
  67  6:16  Supply Depot  
  73  6:27  SCV  
  73  6:28  SCV  
  73  6:31  Marine  
  56  6:32  Orbital Command  
  76  6:33  Barracks  
  76  6:37  Barracks  
  76  6:38  Stimpack  
  77  6:40  SCV x2  
  77  6:46  Medivac  
  77  6:47  Medivac  
  82  6:52  SCV x2  
  84  7:01  Terran Infantry Weapons Level 1  
  79  7:02  Marine  
  79  7:03  Barracks  
  79  7:04  Barracks  
  80  7:11  SCV  
  80  7:12  SCV x2  
  80  7:13  Terran Infantry Armor Level 1  
  83  7:19  Supply Depot  
  83  7:20  Marine  
  83  7:22  Missile Turret  
  84  7:24  Siege Tank, SCV  
  84  7:26  Barracks Reactor x2  
  84  7:28  SCV x2  
  90  7:36  Supply Depot, SCV  
  90  7:38  Marine  
  90  7:40  SCV x2  
  93  7:45  Medivac x2  
  97  7:54  Barracks Reactor x2  
  97  7:55  SCV x2  
  97  7:56  Marine  
  100  7:58  SCV  
  100  8:04  Marine x4  
  105  8:07  SCV  
  105  8:08  Supply Depot  
  105  8:09  Supply Depot, Barracks, Siege Tank  
  107  8:13  Marine  
  107  8:18  Viking  
  107  8:19  Viking  
  106  8:22  Marine x4  
  110  8:30  Marine  
  110  8:31  Marine  
  112  8:36  Marine  
  112  8:40  Marine x4  
  103  8:45  Marine x2  
  98  8:48  Marine  
  98  8:49  Marine  
  98  8:50  Viking x2  
  98  8:52  Siege Tank  
  98  8:54  Marine  
  101  8:57  Marine x2  
  101  8:58  Marine x2  
  100  9:02  Marine  
  100  9:03  Marine  
  100  9:06  Marine  
  100  9:07  Marine  
  85  9:11  Combat Shields  
  85  9:12  Marine  
  85  9:13  Marine  
  85  9:15  Marine x3  
  85  9:16  Marine  
  87  9:20  Marine x2  
  72  9:24  Marine  
  72  9:25  Marine, Siege Tank  
  72  9:29  Marine, SCV x2  
  72  9:30  SCV  
  72  9:31  Marine  
  78  9:33  Marine x4  
  78  9:38  Marine x2  
  73  9:41  SCV  
  73  9:42  Marine x2  
  73  9:43  SCV  
  74  9:47  Marine  
  74  9:48  Marine  
  74  9:49  Medivac x2  
  74  9:51  Marine x4  
  80  9:56  Marine x2  
  80  10:00  Marine x2  
  80  10:05  Marine  
  80  10:06  Marine  
  81  10:07  Factory Tech Lab  
  81  10:09  Marine x4  
  81  10:14  Marine x2  
  74  10:17  Marine  
  74  10:18  Marine  
Tags
 
Add a new tag
Caveats
  • Supply blocks, unpowered buildings, or Contaminate may cause inaccurate times.
  • Supply counts are checked every 10 seconds.